AoeStats
← CFn-Ez

Black Forest

506075878Analyzed
4v4 RM · 21d ago on Sep 12, 2026· 50m 26s· 8 players
Game mode
Random Map
Map size
Large (8 player)
Population
200
Speed
Normal
Resources
Standard
Victory
Conquest
Starting age
Dark Age
Ending age
Imperial Age
RankedLock teamsTeams togetherTeam positionsShared explorationLock speedFull tech treeHidden civsTurbo modeCheats
Victory
Defeat
🇳🇿 Turks · New Zealand
1427
+16
🇨🇳 Bohemians · China
1387
+17
🇺🇿 Bulgarians · Uzbekistan
1386
+17
🇻🇳 Lithuanians · Vietnam
1333
+20
🇨🇳 Mongols · China
1514
-21
🇭🇰 Turks · Hong Kong SAR China
1468
-20
🇨🇳 Spanish · China
1356
-24
🇨🇳 Persians · China
1328
-14
JayJayNico
1:39 Loom
12:52 Feudal Age
16:56 Castle Age
15:04 Double-Bit Axe
17:11 Horse Collar
20:30 Bow Saw
25:59 Wheelbarrow
27:07 Hand Cart
30:59 Imperial Age
28:39 Stone Mining
29:32 Gold Mining
30:01 Padded Archer Armor
31:03 Gold Shaft Mining
31:23 Leather Archer Armor
31:18 Heavy Plow
32:37 Scale Barding Armor
32:40 Husbandry
32:34 Treadmill Crane
33:08 Masonry
33:11 Fortified Wall
34:14 Caravan
35:08 Elite Janissary
36:55 Conscription
37:35 Ring Archer Armor
38:27 Chain Barding Armor
39:09 Architecture
40:36 Artillery
41:12 Hoardings
42:26 Plate Barding Armor
46:23 Bombard Tower
45:55 Fletching
46:15 Forging
47:05 Bodkin Arrow
48:58 Bloodlines
49:51 Bracer
Dreamblack
1:07 Loom
11:52 Feudal Age
12:53 Double-Bit Axe
15:51 Castle Age
17:18 Horse Collar
23:41 Bow Saw
24:01 Heavy Plow
25:41 Wheelbarrow
27:15 Hand Cart
26:46 Town Watch
28:06 Chemistry
29:47 Imperial Age
27:17 Treadmill Crane
27:30 Fletching
27:43 Padded Archer Armor
27:54 Forging
27:44 Scale Mail Armor
28:31 Bodkin Arrow
28:51 Leather Archer Armor
29:01 Ballistics
29:35 Iron Casting
29:03 Caravan
28:34 Pikeman
29:15 Squires
30:45 Chemistry
29:41 Murder Holes
29:53 Halberdier
31:15 Bracer
32:16 Blast Furnace
31:32 Chain Mail Armor
31:33 Leather Archer Armor
31:47 Conscription
32:08 Houfnice
33:18 Wagenburg Tactics
35:27 Siege Engineers
40:53 Siege Engineers
41:10 Bombard Tower
47:32 Two-Man Saw
46:22 Capped Ram
karbid
0:28 Loom
11:35 Feudal Age
16:39 Castle Age
15:17 Double-Bit Axe
15:39 Horse Collar
18:02 Wheelbarrow
26:41 Hand Cart
28:30 Bow Saw
28:31 Heavy Plow
33:00 Imperial Age
30:44 Forging
30:34 Scale Mail Armor
30:37 Squires
30:22 Arson
30:25 Gambesons
31:06 Caravan
32:17 Iron Casting
31:58 Chain Mail Armor
32:19 Gold Mining
32:49 Town Watch
33:03 Capped Ram
34:01 Bagains
34:02 Siege Ram
36:20 Blast Furnace
35:51 Plate Mail Armor
36:44 Plate Mail Armor
42:22 Conscription
47:59 Fletching
48:28 Bodkin Arrow
49:19 Ballistics
50:00 Chemistry
49:02 Bracer
49:14 Masonry
49:12 Murder Holes
50:53 Crop Rotation
LeMeow
10:28 Feudal Age
14:01 Castle Age
13:18 Double-Bit Axe
16:33 Horse Collar
17:12 Bow Saw
22:12 Heavy Plow
24:46 Wheelbarrow
23:58 Town Watch
23:58 Loom
25:01 Wheelbarrow
26:23 Gold Mining
30:43 Imperial Age
28:27 Scale Barding Armor
28:32 Forging
29:51 Chain Barding Armor
30:07 Iron Casting
29:43 Caravan
30:20 Bloodlines
30:11 Husbandry
32:44 Plate Barding Armor
32:39 Conscription
31:40 Elite Leitis
31:57 Capped Ram
34:57 Fletching
35:23 Hand Cart
39:07 Crop Rotation
38:49 Pikeman
39:30 Squires
39:15 Arson
39:35 Scale Mail Armor
39:57 Halberdier
41:54 Chain Mail Armor
TheLastOne
4:33 Loom
10:25 Feudal Age
14:16 Castle Age
12:30 Double-Bit Axe
12:47 Horse Collar
22:18 Wheelbarrow
22:33 Bow Saw
24:33 Gold Mining
24:36 Stone Mining
29:44 Imperial Age
28:05 Hand Cart
27:36 Town Watch
29:23 Scale Barding Armor
29:20 Husbandry
29:31 Bloodlines
30:28 Conscription
30:47 Chain Barding Armor
30:13 Capped Ram
30:16 Elite War Elephant
31:10 Forging
32:14 Two-Man Saw
31:49 Caravan
32:36 Guilds
33:04 Plate Barding Armor
33:05 Iron Casting
34:37 Chemistry
34:29 Ballistics
34:42 Heavy Plow
35:14 Citadels
35:56 Crop Rotation
39:14 Town Patrol
40:17 Blast Furnace
40:07 Siege Ram
41:43 Hoardings
41:05 Murder Holes
41:21 Masonry
41:50 Gold Shaft Mining
41:52 Stone Shaft Mining
42:39 Onager
46:28 Coinage
47:38 Fletching
菜菜5号
10:54 Feudal Age
11:42 Double-Bit Axe
11:55 Horse Collar
14:54 Castle Age
16:02 Bow Saw
15:55 Heavy Plow
17:14 Wheelbarrow
22:09 Gold Mining
24:41 Hand Cart
24:55 Stone Mining
28:27 Imperial Age
26:14 Caravan
26:46 Loom
26:47 Town Watch
27:54 Stone Shaft Mining
28:23 Gold Shaft Mining
28:10 Fletching
28:51 Ballistics
29:06 Bodkin Arrow
29:12 Padded Archer Armor
29:39 Husbandry
29:49 Bloodlines
31:15 Chemistry
30:17 Bracer
30:45 Leather Archer Armor
30:40 Thumb Ring
31:06 Parthian Tactics
31:35 Conscription
31:31 Onager
32:54 Drill
32:13 Elite Mangudai
CFn-Ez
5:45 Loom
11:37 Feudal Age
16:15 Castle Age
14:47 Double-Bit Axe
15:37 Horse Collar
17:21 Bow Saw
23:39 Heavy Plow
24:42 Caravan
25:14 Gold Mining
26:51 Wheelbarrow
26:50 Stone Mining
31:43 Imperial Age
29:29 Hand Cart
30:36 Scale Barding Armor
30:42 Forging
31:59 Chain Barding Armor
31:47 Cavalier
32:40 Bloodlines
32:30 Husbandry
33:07 Iron Casting
32:54 Conscription
34:08 Plate Barding Armor
33:34 Paladin
36:47 Blast Furnace
37:00 Two-Man Saw
39:31 Coinage
41:28 Banking
42:43 Chemistry
43:17 Ballistics
42:26 Onager
KITCHIUYEAH
1:18 Loom
11:25 Feudal Age
13:11 Double-Bit Axe
13:09 Horse Collar
15:36 Castle Age
16:31 Bow Saw
19:25 Fervor
21:47 Wheelbarrow
23:43 Gold Mining
24:00 Stone Mining
28:45 Imperial Age
26:10 Treadmill Crane
26:33 Padded Archer Armor
27:49 Leather Archer Armor
27:54 Hand Cart
27:24 Town Watch
28:30 Gold Shaft Mining
30:40 Ring Archer Armor
31:21 Two-Man Saw
30:53 Artillery
31:49 Fletching
32:02 Heavy Plow
32:59 Elite Janissary
34:24 Murder Holes
34:25 Bodkin Arrow
35:32 Masonry
35:55 Conscription
36:53 Architecture
36:23 Bracer
37:41 Ballistics
37:24 Caravan
38:26 Sipahi
38:42 Hoardings
38:54 Sipahi
39:43 Parthian Tactics
39:23 Thumb Ring
39:43 Parthian Tactics
39:23 Thumb Ring
39:12 Heavy Cavalry Archer
40:05 Husbandry
41:53 Bloodlines
42:19 Hoardings
42:37 Coinage
42:17 Guilds
42:37 Coinage
42:17 Guilds
Connection lost

Rejoining the realm…

Still unreachable

The connection could not be restored.

Session expired

The server has moved on; the page needs a fresh start.